 Dungeon Crawl Stone Soup version 0.19.5 (webtiles) character file.

135 Kisielow the Slasher (level 4, -12/40 HPs)
             Began as a Minotaur Fighter on May 13, 2017.
             Mangled by an ogre
             ... wielding a +0 giant club
              (16 damage)
             ... on level 4 of the Dungeon.
             The game lasted 00:07:26 (2785 turns).

Kisielow the Slasher (Minotaur Fighter)             Turns: 2785, Time: 00:07:26

Health: -12/40     AC: 10    Str: 21    XL:     4   Next: 97%
Magic:  3/3        EV:  7    Int:  5    God:
Gold:   122        SH:  9    Dex: 10    Spells: 0 memorised, 3 levels left

rFire  . . .     SeeInvis .     a - +0 long sword
rCold  . . .     Gourm    .     b - +0 scale mail
rNeg   . . .     Faith    .     c - +0 shield
rPois  .         Spirit   .     (helmet restricted)
rElec  .         Reflect  .     (no cloak)
rCorr  .         Harm     .     (no gloves)
MR     .....                    o - +2 pair of boots
Stlth  ..........               (no amulet)
                                (no ring)
                                (no ring)

@: no status effects
A: retaliatory headbutt, horns 2
a: no special abilities


You were on level 4 of the Dungeon.
You were not hungry.

You visited 1 branch of the dungeon, and saw 4 of its levels.

You collected 122 gold pieces.

Inventory:

Hand Weapons
 a - a +0 long sword (weapon)
Armour
 b - a +0 scale mail (worn)
 c - a +0 shield (worn)
 o - a +2 pair of boots (worn)
Jewellery
 v - an uncursed ring of wizardry {unknown}
Wands
 m - a wand of confusion (15/48)
Scrolls
 e - a scroll of magic mapping {unknown}
 h - a scroll of remove curse {unknown}
 i - a scroll of identify {unknown}
 j - a scroll of fear {unknown}
 p - a scroll of enchant weapon {unknown}
 q - a scroll of immolation {unknown}
 r - a scroll of amnesia {unknown}
Potions
 d - a potion of might
 g - a potion of mutation {unknown}
 k - 3 potions of curing {unknown}
 l - a potion of haste {unknown}
 n - a potion of resistance {unknown}
Comestibles
 f - 4 bread rations
 s - 4 fruits
 t - 4 chunks of flesh
 u - a meat ration


   Skills:
 + Level 3.8 Fighting
 * Level 5.7 Long Blades
 + Level 4.0 Armour
 + Level 3.9 Shields


You had 3 spell levels left.
You didn't know any spells.

Dungeon Overview and Level Annotations

Branches:
Dungeon (4/15)
 Temple: D:4-7

Altars:
Dithmenos
Vehumet


Innate Abilities, Weirdness & Mutations

You reflexively headbutt those who attack you in melee.
You have a pair of horns on your head.


Message History

You are too injured to fight recklessly!
You are too injured to fight recklessly!
You are too injured to fight recklessly!
You are too injured to fight recklessly!
You are too injured to fight recklessly!
You are too injured to fight recklessly!
Evoke which item? (* to show all) (? for menu, Esc to quit)
Zapping:
m - a wand of confusion (will waste charges)
Press: ? - help, Shift-Dir - straight line, f - ogre
Aim: an ogre, wielding a giant club (heavily wounded, chance to defeat MR: 46%)
The ogre resists with some effort.
Evoking this partially-identified wand wasted a few charges.
Evoke which item? (* to show all) (? for menu, Esc to quit)
Zapping:
m - a wand of confusion {zapped: 3} (will waste charges)
Press: ? - help, Shift-Dir - straight line, f/p - ogre
Aim: an ogre, wielding a giant club (heavily wounded, chance to defeat MR: 46%)
The ogre resists with some effort.
Evoking this partially-identified wand wasted a few charges.
The ogre hits you with a giant club!
You die...

..................
...................
...................
...................
...................
...................
.......%...........
..(.......O........
...........@.......
...................
...................
...................
..........<.......
.................
.........>...>..
................
................


You could see an ogre.

Vanquished Creatures
  A worker ant (D:3)
  3 adders (D:2)
  An ooze (D:3)
  2 worms
  3 dart slugs
  2 leopard geckos (D:3)
  2 orcs (D:3)
  9 bats
  3 giant cockroaches
  2 goblins (D:2)
  11 hobgoblins
  3 jackals (D:1)
  9 kobolds
  A quokka (D:3)
  A ball python (D:3)
  4 frilled lizards
  6 rats
63 creatures vanquished.

Vanquished Creatures (others)
  An ogre (D:4)
  2 adders (D:4)
  2 orcs (D:4)
5 creatures vanquished.

Grand Total: 68 creatures vanquished

Notes
Turn   | Place    | Note
-------+----------+-------------------------------------------
     0 | D:1      | Kisielow the Minotaur Fighter began the quest for the Orb.
     0 | D:1      | Reached XP level 1. HP: 19/19 MP: 0/0
    64 | D:1      | Reached skill level 3 in Long Blades
   110 | D:1      | Reached XP level 2. HP: 26/26 MP: 1/1
   337 | D:1      | You fall through a shaft!
   347 | D:2      | Reached skill level 4 in Long Blades
   348 | D:2      | Reached XP level 3. HP: 24/31 MP: 2/2
  1066 | D:2      | Reached skill level 5 in Long Blades
  1260 | D:2      | Found a faded altar of an unknown god.
  1260 | D:2      | Found a faded altar of an unknown god.
  1265 | D:2      | Found a faded altar of an unknown god.
  1267 | D:2      | Found a faded altar of an unknown god.
  1268 | D:2      | Found a shadowy altar of Dithmenos.
  1401 | D:2      | Reached XP level 4. HP: 39/39 MP: 3/3
  2110 | D:3      | Found a radiant altar of Vehumet.
  2763 | D:4      | Killed an ogre
  2775 | D:4      | Noticed an ogre
  2785 | D:4      | Mangled by an ogre

Skill      XL: |  1  2  3  4 |
---------------+-------------+-----
Long Blades    | 3 4 5 |  5.7
Armour         | 4 |  4.0
Fighting       | |  3.8
Shields        | |  3.9

Action                   |  1- 3 |  4- 6 || total
-------------------------+-------+-------++-------
Melee: Long sword        |    92 |    62 ||   154
       Headbutt          |    14 |     7 ||    21
Evoke: Wand              |       |     2 ||     2
  Eat: Chunk             |     2 |     4 ||     6
Armor: Scale mail        |    44 |    21 ||    65
Dodge: Dodged            |    32 |    11 ||    43
Block: Shield            |    52 |    39 ||    91
       Rpst.: Long sword |    10 |     3 ||    13
